 Dungeon Crawl Stone Soup version bcrawl-1.19.2-6-g6a88ae04c9 (webtiles) character file.

Game seed: 10161649532251421603

60 Mrkan the Covered (level 4, 0/29 HPs)
             Began as a Gargoyle Fighter on Dec 24, 2019.
             Was an Initiate of Elyvilon.
             Slain by a goblin
             ... wielding a +0 club
             ... led by Robin
              (4 damage)
             ... on level 2 of the Dungeon.
             The game lasted 00:02:46 (1305 turns).

Mrkan the Covered (Gargoyle Fighter)                Turns: 1305, Time: 00:02:46

Health: 0/29       AC: 13    Str: 25    XL:     4   Next: 6%
Magic:  4/4        EV:  7    Int:  9    God:    Elyvilon [......]
Gold:   137        SH:  9    Dex:  9    Spells: 3/3 levels left

rFire    . . .     SeeInvis .   a - +0 flail
rCold    . . .     Gourm    .   c - +0 shield
rNeg     + . .     Faith    .   b - +0 scale mail
rPois    ∞         Spirit   .   k - +0 helmet
rElec    +         Reflect  .   (no cloak)
rCorr    .         Harm     .   i - +1 pair of gloves
MR       .....                  (no boots)
Stlth    ..........             (no amulet)
HPRegen  0.09/turn              (no ring)
MPRegen  0.09/turn              (no ring)

@: mighty, very slow
A: negative energy resistance 1, electricity resistance, unbreathing,
petrification resistance, rot immunity, AC +3
a: Renounce Religion


You were on level 2 of the Dungeon.
You worshipped Elyvilon.
Elyvilon was noncommittal.
You were hungry.

You visited 1 branch of the dungeon, and saw 2 of its levels.

You collected 137 gold pieces.

Inventory:

Hand Weapons
 a - a +0 flail (weapon)
Armour
 b - a +0 scale mail (worn)
 c - a +0 shield (worn)
 i - a +1 pair of gloves (worn)
 k - a +0 helmet (worn)
Scrolls
 e - a scroll of fog {unknown}
 g - a scroll of fear {unknown}
 h - 2 scrolls of enchant weapon {unknown}
Potions
 d - 3 potions of might
 j - a potion of heal wounds {unknown}
Comestibles
 f - 6 rations {!d}


   Skills:
 + Level 3.7 Fighting
 * Level 3.1 Maces & Flails
 + Level 3.7 Armour
 + Level 3.7 Shields


You had 3 spell levels left.
You didn't know any spells.
Your spell library was empty.

Dungeon Overview and Level Annotations

Branches:
Dungeon (2/12)

Altars:
Elyvilon

Annotations:
D:2 Robin


Innate Abilities, Weirdness & Mutations

You are resistant to torment.
Your stone body is resilient. (AC +3)
You are immune to poison.
You resist negative energy. (rN+)
You are resistant to electric shocks. (rElec)
You can survive without breathing.
You are immune to petrification.
You are immune to rotting.


Message History

The goblin no longer looks unusually strong.
You block the goblin's attack.
Robin roars a battlecry!
The goblins go into a battle-frenzy!
The goblin hits you but does no damage. x2
The hobgoblin splashes around in the water.
You block the goblin's attack.
You feel very mighty all of a sudden. The goblin hits you but does no damage.
The goblin completely misses you. You block the goblin's attack.
You block the hobgoblin's attack.
You closely miss the goblin. You block the goblin's attack. x2
The goblin hits you but does no damage. You block the hobgoblin's attack.
Your unstable footing causes you to fumble your attack.
The goblin hits you but does no damage. x2; You block the goblin's attack.
You block the hobgoblin's attack.
Robin says, "Duck!"
You closely miss the goblin. You block the goblin's attack. x2
The goblin barely misses you. The hobgoblin barely misses you.
The goblin hits you but does no damage. x2; The goblin hits you with a +0 club.
You die...

♣♣...g.♣♣
♣♣...♣♣
♣♣.....♣♣
♣♣...g...♣♣
♣...≈≈≈...♣
#..≈≈≈≈≈..#
#..≈g♣g≈..#
#..≈≈g≈≈..#
#...≈@≈...#
##..ggg...#
#####..gg.#.#.#
#..†........#.#
#.########..#.#
###
#...........#.#
#..
##########.##.#
#.# #.....#
###.# #.....#
#....


You could see Robin, a hobgoblin and 6 goblins.

Vanquished Creatures
  4 worms (D:2)
  A dart slug (D:1)
  3 giant cockroaches
  9 goblins
  4 hobgoblins
  6 jackals
  6 kobolds
  5 bats
  2 frilled lizards
  4 rats
44 creatures vanquished.

Notes
Turn   | Place    | Note
-------+----------+-------------------------------------------
     0 | D:1      | Mrkan the Gargoyle Fighter began the quest for the Orb.
     0 | D:1      | Reached XP level 1. HP: 14/14 MP: 1/1
   126 | D:1      | Reached XP level 2. HP: 19/19 MP: 2/2
   390 | D:1      | Reached XP level 3. HP: 23/23 MP: 3/3
  1196 | D:2      | Found a white marble altar of Elyvilon.
  1211 | D:2      | Became a worshipper of Elyvilon the Healer
  1259 | D:2      | Noticed Robin
  1265 | D:2      | Reached XP level 4. HP: 26/29 MP: 4/4
  1305 | D:2      | Slain by a goblin

Skill      XL: |  1  2  3 |
---------------+----------+-----
Maces & Flails | 3 |  3.1
Fighting       | |  3.7
Armour         | |  3.7
Shields        | |  3.7

Action                   |  1- 3 |  4- 6 || total
-------------------------+-------+-------++-------
Melee: Flail             |   171 |    18 ||   189
  Use: Potion            |       |     1 ||     1
  Eat: Chunk             |     1 |       ||     1
Armor: Scale mail        |   114 |    32 ||   146
Dodge: Dodged            |    74 |    12 ||    86
Block: Shield            |   113 |    39 ||   152
